 Dungeon Crawl Stone Soup version 0.25.0-41-g26779e291d (webtiles) character file.

Game seed: 5690165272872468627

59 Ethylacetat the Stinger (level 4, -2/27 HPs)
             Began as an Octopode Venom Mage on July 10, 2020.
             Slain by a quokka (3 damage)
             ... on level 2 of the Dungeon.
             The game lasted 00:03:34 (1623 turns).

Ethylacetat the Stinger (Octopode Venom Mage)       Turns: 1623, Time: 00:03:35

Health: -2/27      AC:  1    Str:  7    XL:     4   Next: 3%
Magic:  0/7        EV: 13    Int: 18    God:
Gold:   29         SH:  0    Dex: 12    Spells: 6/7 levels left

rFire    . . .     SeeInvis .   (no weapon)
rCold    . . .     Gourm    .   (no shield)
rNeg     . . .     Faith    .   (helmet restricted)
rPois    .         Spirit   .   (no amulet)
rElec    .         Reflect  .   (no ring)
rCorr    .         Harm     .   (no ring)
MR       .....                  (no ring)
Stlth    +++.......             (no ring)
HPRegen  0.09/turn              (no ring)
MPRegen  0.10/turn              (no ring)
                                (no ring)
                                (no ring)

@: very slightly contaminated
A: almost no armour, stealthy swim, amphibious, 8 rings, constrict 8, camouflage
1, gelatinous body 1
a: no special abilities


You were on level 2 of the Dungeon.
You were not hungry.

You visited 1 branch of the dungeon, and saw 2 of its levels.

You collected 29 gold pieces.

Inventory:

Scrolls
 a - a scroll of immolation {unknown}
 d - a scroll of remove curse {unknown}
 f - a scroll of magic mapping {unknown}
 h - 2 scrolls of identify {unknown}
Potions
 e - a potion of stabbing {unknown}
 g - a potion of invisibility {unknown}
Comestibles
 b - 4 rations
 c - 5 chunks of flesh


   Skills:
 - Level 2.0 Dodging
 - Level 2.6 Stealth
 + Level 2.4 Spellcasting
 * Level 2.4 Transmutations
 * Level 4.5 Poison Magic


You had 6 spell levels left.
You knew the following spells:

 Your Spells              Type           Power        Failure   Level  Hunger
a - Sting                 Tmut/Pois      ##..         4%          1    #......

Your spell library contained the following spells:

 Spells                   Type           Power        Failure   Level  Hunger
 Poisonous Vapours        Pois/Air       ##....       11%         2    ##.....
 Ignite Poison            Fire/Tmut/Pois ##......     21%         3    ###....
 Olgreb's Toxic Radiance  Pois           ###.....     26%         4    #####..
 Mephitic Cloud           Conj/Pois/Air  #.......     28%         3    ###....


Dungeon Overview and Level Annotations

Branches:
Dungeon (2/15)

Altars:


Innate Abilities, Weirdness & Mutations

You cannot wear most types of armour.
You are very stealthy in the water. (Stealth+)
You are amphibious.
You can wear up to eight rings at the same time.
You can use your tentacles to constrict eight enemies at once.
Your skin changes colour to match your surroundings (Stealth+).
Your rubbery body absorbs attacks. (AC +1, EV +1)


Message History

Confirm with . or Enter, or press ? or * to list all spells.
You don't have enough magic to cast that spell.
Unknown command.
You tentacle-slap the quokka but do no damage.
Your grab misses the quokka. The quokka bites you.
* * * LOW HITPOINT WARNING * * *
You barely miss the quokka. Your grab misses the quokka.
Your squeeze misses the quokka. The quokka bites you.
* * * LOW HITPOINT WARNING * * *
The quokka barely misses you.
Casting: Sting (safe; 4% risk of failure)
Confirm with . or Enter, or press ? or * to list all spells.
Aiming: Sting (safe; 4% risk of failure)
Press: ? - help, Shift-Dir - straight line, f - quokka
Aim: a quokka You miscast Sting.
Nothing appears to happen.
The quokka bites you.
* * * LOW HITPOINT WARNING * * *
The quokka twitches its whiskers.
The quokka bites you.
You die...

#.# #.# ..... #.#
#.#####...# #.###.........
#.......##.##
#.......'..#########
#.......#..........#
#.......#..........# #
#.####.##....†.....#
#####.##.####..@r.........#
#>........................#
#.#.####.#####............#
##.#.# #.# #............#
...#.# #.# #.............#
##...####.# #.##..........#
..........# #. #.##########
##...###### #. .. ....##


You could see a quokka.

Vanquished Creatures
  An adder (D:2)
  An ooze (D:1)
  4 dart slugs
  3 leopard geckos
  5 bats
  5 goblins
  5 hobgoblins
  3 jackals (D:1)
  2 kobolds (D:1)
  A rat (D:1)
30 creatures vanquished.

Notes
Turn   | Place    | Note
-------+----------+-------------------------------------------
     0 | D:1      | Ethylacetat the Octopode Venom Mage began the quest for the
                  | Orb.
     0 | D:1      | Reached XP level 1. HP: 11/11 MP: 3/3
   231 | D:1      | Reached XP level 2. HP: 17/17 MP: 1/5
   302 | D:1      | Reached skill level 4 in Poison Magic
   818 | D:1      | Reached XP level 3. HP: 21/21 MP: 4/6
  1616 | D:2      | Reached XP level 4. HP: 17/27 MP: 0/7
  1619 | D:2      | HP: 1/27 [quokka (5)]
  1623 | D:2      | Slain by a quokka

Illustrated notes

Levels and vault maps discovered:
D:1:      roderic_octagonal_star, layout_loops_ring
D:2:      minmay_chambers_of_twos, layout_basic, uniq_natasha

Skill      XL: |  1  2  3 |
---------------+----------+-----
Poison Magic   | 4 |  4.5
Transmutations | 2 |  2.4
Dodging        | |  2.0
Stealth        | |  2.6
Spellcasting   | |  2.4

Action                   |  1- 3 |  4- 6 || total
-------------------------+-------+-------++-------
Melee: Unarmed           |    15 |     2 ||    17
       Tentacles         |     2 |       ||     2
       Constrict         |     4 |       ||     4
 Cast: Sting             |    62 |       ||    62
  Eat: Chunk             |     3 |       ||     3
Armor: Skin              |     5 |       ||     5
Dodge: Dodged            |    24 |     1 ||    25
